 Dungeon Crawl Stone Soup version 0.29.1-1-gd02db6906a (webtiles) character file.

Game seed: 4239842661391619694

3878 Ashen the Chiller (level 10, 77/77 HPs)
             Began as a Demonspawn Ice Elementalist on Sept 17, 2022.
             Was a Believer of Vehumet.
             Got out of the dungeon alive.
             The game lasted 00:15:59 (8818 turns).

Ashen the Chiller (Demonspawn Ice Elementalist)     Turns: 8818, Time: 00:15:59

Health: 77/77      AC: 11    Str:  8    XL:     10   Next: 0%
Magic:  19/19      EV: 14    Int: 21    God:    Vehumet [**....]
Gold:   544        SH:  0    Dex: 14    Spells: 10/21 levels left

rFire   + . .      SeeInvis .   o - +3 dagger (venom)
rCold   . . .      Faith    +   (no shield)
rNeg    . . .      Spirit   .   J - +2 robe {rF+}
rPois   .          Reflect  .   h - +0 helmet
rElec   .          Harm     .   (no cloak)
rCorr   .          Rampage  .   (no gloves)
Will    .....                   (no boots)
Stlth   +++.......              q - amulet of faith
HPRegen 0.22/turn               c - +4 ring of protection
MPRegen 0.32/turn               (no ring)

@: no status effects
A: spiny 1, magic regeneration, sharp scales 2, demonic touch 2
a: Renounce Religion


You escaped.
You worshipped Vehumet.
Vehumet was pleased with you.
You visited 2 branches of the dungeon, and saw 9 of its levels.

You collected 544 gold pieces.

Inventory:

Hand Weapons
 k - a +3 dagger of draining
 o - a +3 dagger of venom (weapon)
 y - a +0 rapier
Missiles
 l - 7 javelins
Armour
 h - a +0 helmet (worn)
 w - a +0 kite shield
 J - a +2 robe of fire resistance (worn)
Magical Staves
 G - a staff of cold
Jewellery
 c - a +4 ring of protection (left hand)
 j - an amulet of the acrobat
 q - an amulet of faith (around neck)
 D - an amulet of regeneration
Wands
 a - a wand of flame (11)
 C - a wand of digging (7)
 E - a wand of charming (8)
 I - a wand of roots (14)
Scrolls
 d - a scroll of immolation {unknown}
 e - a scroll of enchant weapon
 g - 3 scrolls of teleportation {unknown}
 p - 2 scrolls of fear
 s - 2 scrolls of poison
 x - a scroll of brand weapon {unknown}
 F - a scroll of blinking {unknown}
Potions
 b - 2 potions of magic
 f - 2 potions of curing
 i - a potion of degeneration
 m - a potion of lignification
 n - 4 potions of mutation
 r - a potion of brilliance
 t - a potion of flight {unknown}
 u - a potion of ambrosia {unknown}
 v - 2 potions of attraction {unknown}
 z - a potion of heal wounds {unknown}
 A - 3 potions of cancellation
 B - a potion of invisibility {unknown}
 H - a potion of might


   Skills:
 + Level 6.3 Fighting
 + Level 6.2 Dodging
 - Level 5.0 Stealth
 + Level 6.2 Spellcasting
 + Level 3.4 Conjurations
 + Level 7.1 Ice Magic


You had 10 spell levels left.
You knew the following spells:

 Your Spells              Type           Power      Damage    Failure   Level
a - Freeze                Ice            100%       1d11      1%          1
b - Frozen Ramparts       Ice            72%        1d11      1%          3
c - Ozocubu's Armour      Ice            36%        N/A       1%          3
d - Hailstorm             Conj/Ice       28%        3d8       11%         4

Your spell library contained the following spells:

 Spells                   Type           Power      Damage    Failure   Level
 Searing Ray              Conj           42%        2d6       3%          2
 Conjure Flame            Conj/Fire      13%        6-21      14%         3
 Summon Ice Beast         Ice/Summ       21%        N/A       22%         4
 Gell's Gravitas          Tloc           6%         N/A       28%         3
 Ignite Poison            Fire/Tmut/Pois 6%         N/A       28%         3
 Lesser Beckoning         Tloc           6%         N/A       28%         3
 Summon Guardian Golem    Hex/Summ       6%         N/A       28%         3
 Teleport Other           Tloc           6%         N/A       28%         3
 Sticky Flame             Conj/Fire      13%        2d4       43%         4
 Summon Mana Viper        Hex/Summ       6%         N/A       95%         5
 Monstrous Menagerie      Summ           3%         N/A       100%        7
 Orb of Destruction       Conj           10%        9d6       100%        7
 Spellforged Servitor     Conj/Summ      6%         N/A       100%        7


Dungeon Overview and Level Annotations

Branches:
Dungeon (8/15)             Temple (1/1) D:6
   Lair: D:8-11

Altars:
Dithmenos
Fedhas
Ru
Sif Muna
Trog
Vehumet
Xom
Yredelemnul

Shops:
D:8 *


Innate Abilities, Weirdness & Mutations

You are partially covered in sharp spines.
You regenerate magic rapidly.
You are mostly covered in razor-sharp scales. (AC +2, Slay +2)
Your touch may inflict irresistible damage on your foes.


Message History

Where to? (? - help)
What level of the Dungeon? (default 1, ? - help)
Things that are here:
a -2 glaive; a +1 animal skin; the gnoll corpse of Grum You see here a wolf corpse.
There is an entrance to Qeasuuc's Overcharged Wands here.
Items here: )) [[.
There is an open door here.
You see here a +0 robe.
There is an open door here.
There is a stone staircase leading up here.
You climb upwards.
There is a stone staircase leading down here.
There is a stone staircase leading up here.
You climb upwards.
There is a stone staircase leading down here.
There is a stone staircase leading up here.
You climb upwards.
There is a stone staircase leading down here.
There is a stone staircase leading up here.
You climb upwards.
There is a stone staircase leading down here.
There is a stone staircase leading up here.
You climb upwards.
There is a stone staircase leading down here.
There is a stone staircase leading up here.
You climb upwards.
There is a stone staircase leading down here.
You see here 6 stones.
There is an open door here.
There is a stone staircase leading up here.
You climb upwards.
There is a stone staircase leading down here.
You can't go up here!
HP restored.
You open the door.
There is an open door here.
There is a staircase leading out of the dungeon here.
Are you sure you want to leave the Dungeon?
This will make you lose the game!
You have escaped!

#####.....#####........#.########
.∩..♣.##................#........
......##..............##.#####...
......##.###.##+#'##..##.# ##....
......##.###.#.....#..##.###.....
.............+.....#..##....#....
.............#..8..#.######.##...
.8..♣.##.###.'.....#.# #.###.#
......##.# #.#..@..#.# #.# ###
.......#.# #.#######.# #.#
.8..∩.#..# #....#...## #.#####
.....###.# #.#.#.##.# #....##
......#.####.....##.# ####.##
.8..∩.....)..###.##.# #.##
.......#####.# #.##.# #.##
###..### #.###.##.# #.).
#..#######.....##.# ####


There were no monsters in sight!

Vanquished Creatures
  Maurice (D:8)
  Psyche (D:8)
  A wraith (D:8)
  A wyvern (D:8)
  Grum (D:8)
  2 water moccasins
  A black bear (D:7)
  An orc warrior (D:8)
  2 ogres
  4 wolves (D:8)
  2 centaurs
  A phantom (D:5)
  A kobold brigand (D:8)
  A necrophage (D:7)
  A scorpion (D:7)
  6 bullfrogs
  11 wights
  A howler monkey (D:6)
  2 hounds
  A jelly (D:5)
  2 orc priests (D:8)
  2 iguanas
  Jessica (D:3)
  4 orc wizards
  3 gnolls (D:5)
  6 adders
  2 white imps
  2 ufetubi
  3 worms (D:4)
  20 orcs
  11 ball pythons
  5 bats
  4 endoplasms
  3 giant cockroaches
  5 goblins
  6 hobgoblins
  4 quokkas
  4 frilled lizards
  16 kobolds
  7 rats
152 creatures vanquished.

Vanquished Creatures (others)
  8 fungi (D:8)
  5 plants
13 creatures vanquished.

Grand Total: 165 creatures vanquished

Notes
Turn   | Place    | Note
-------+----------+-------------------------------------------
     0 | D:1      | Ashen the Demonspawn Ice Elementalist began the quest for
                  | the Orb.
     0 | D:1      | Reached XP level 1. HP: 13/13 MP: 3/3
   102 | D:1      | Found a faded altar of an unknown god.
   571 | D:1      | Gained mutation: Your touch may inflict minor irresistible
                  | damage on your foes. [demonic ancestry]
   571 | D:1      | Reached XP level 2. HP: 20/20 MP: 3/5
  1362 | D:2      | Reached XP level 3. HP: 25/25 MP: 6/6
  1366 | D:2      | Reached skill level 1 in Fighting
  2300 | D:3      | Reached skill level 4 in Ice Magic
  2300 | D:3      | Gained mutation: You are partially covered in razor-sharp
                  | scales. (AC +1, Slay +1) [demonic ancestry]
  2300 | D:3      | Reached XP level 4. HP: 32/32 MP: 7/7
  2655 | D:3      | Noticed Jessica
  2659 | D:3      | Killed Jessica
  3252 | D:4      | Noticed an ogre
  3272 | D:3      | Learned a level 3 spell: Frozen Ramparts
  3276 | D:3      | Learned a level 3 spell: Ozocubu's Armour
  3659 | D:4      | Found a sacrificial altar of Ru.
  3802 | D:4      | Reached XP level 5. HP: 38/38 MP: 9/9
  3815 | D:5      | Entered Level 5 of the Dungeon
  3815 | D:5      | Noticed an ogre
  3833 | D:4      | Killed an ogre
  4120 | D:5      | Gained mutation: Your touch may inflict irresistible damage
                  | on your foes. [demonic ancestry]
  4120 | D:5      | Reached XP level 6. HP: 24/45 MP: 6/10
  4681 | D:5      | Found a basalt altar of Yredelemnul.
  4728 | D:5      | Gained mutation: You are partially covered in sharp spines.
                  | [demonic ancestry]
  4728 | D:5      | Reached XP level 7. HP: 45/52 MP: 12/12
  5359 | D:6      | Reached skill level 5 in Ice Magic
  5624 | D:6      | Found a staircase to the Ecumenical Temple.
  5717 | D:6      | Identified the +8 war axe of Wondrous Power {drain, rC+
                  | rN+}
  6112 | Temple   | Entered the Ecumenical Temple
  6116 | Temple   | Became a worshipper of Vehumet
  6147 | D:7      | Reached XP level 8. HP: 60/60 MP: 14/14
  6736 | D:7      | Reached skill level 5 in Stealth
  6972 | D:8      | Found a shimmering altar of Xom.
  7093 | D:8      | Reached skill level 5 in Spellcasting
  7093 | D:8      | Reached skill level 6 in Ice Magic
  7104 | D:8      | Reached skill level 5 in Dodging
  7109 | D:8      | Reached skill level 5 in Fighting
  7115 | D:8      | Reached * piety under Vehumet
  7115 | D:8      | Offered knowledge of Magic Dart by Vehumet.
  7382 | D:8      | Gained mutation: You are mostly covered in razor-sharp
                  | scales. (AC +2, Slay +2) [demonic ancestry]
  7382 | D:8      | Reached XP level 9. HP: 68/68 MP: 10/16
  7387 | D:8      | Learned a level 4 spell: Hailstorm
  7450 | D:8      | Found a blossoming altar of Fedhas.
  7608 | D:8      | Reached skill level 1 in Conjurations
  7791 | D:8      | Found a shadowy altar of Dithmenos.
  7806 | D:8      | Found Qeasuuc's Overcharged Wands.
  7869 | D:7      | HP: 4/99 [wight/+1 morningstar of venom (10)]
  8360 | D:8      | Noticed Psyche
  8367 | D:8      | Killed Psyche
  8605 | D:8      | Noticed Grum
  8606 | D:8      | Noticed Maurice
  8612 | D:8      | Offered knowledge of Searing Ray by Vehumet.
  8615 | D:8      | Reached ** piety under Vehumet
  8622 | D:8      | Killed Maurice
  8623 | D:8      | Reached skill level 7 in Ice Magic
  8625 | D:8      | Killed Grum
  8626 | D:8      | Gained mutation: You regenerate magic rapidly. [demonic
                  | ancestry]
  8626 | D:8      | Reached XP level 10. HP: 36/77 MP: 11/19
  8818 | D:$      | Got out of the dungeon alive.

Illustrated notes

Levels and vault maps discovered:
D:1:      minmay_arrival_solitary_statue, layout_loops_ring,
          hellmonk_ecumenical_altar_arch_garden, minivault_27,
          kennysheep_nondescript, serial_bayou_pond_c
D:2:      layout_basic, corner_web_ring, hangedman_decor_opposing,
          corexii_leaking_fountain, minmay_crystal_room
D:3:      layout_basic, nrook_uturn, uniq_jessica
D:4:      layout_basic, nicolae_ru_sacrificial_ziggurat
D:5:      layout_rooms, mainiacjoe_overflow_brackets
D:6:      layout_loops_cross, minmay_temple_entry_wispy
D:7:      layout_rooms
D:8:      layout_basic, mainiacjoe_overflow_paths,
          grunt_dithmenos_smoke_and_mirrors, fedhas_altar_3,
          nicolae_shop_overcharged_wands, uniq_psyche, uniq_maurice, uniq_grum
Temple:   zaba_magenta_temple

Skill      XL: |  1  2  3  4  5  6  7  8  9 |
---------------+----------------------------+-----
Stealth        | 2 3 4 5 |  5.0
Dodging        | 2 3 4 5 6 |  6.2
Fighting       | 1 2 3 5 6 |  6.3
Ice Magic      | 4 5 6 7 |  7.1
Spellcasting   | 3 4 5 6 |  6.2
Conjurations   | 3 |  3.4

Action                   |  1- 3 |  4- 6 |  7- 9 | 10-12 || total
-------------------------+-------+-------+-------+-------++-------
Melee: Unarmed           |    34 |       |       |       ||    34
       Touch             |    13 |    15 |    25 |       ||    53
       Dagger            |    36 |    98 |   141 |       ||   275
       Punch             |     1 |     3 |     3 |       ||     7
       Staff             |       |       |     6 |       ||     6
 Cast: Freeze            |    25 |       |     4 |       ||    29
       Ozocubu's Armour  |       |     4 |    14 |       ||    18
       Frozen Ramparts   |       |     3 |    11 |       ||    14
  Use: Scroll            |       |       |    10 |       ||    10
       Potion            |       |       |     7 |       ||     7
 Stab: Sleeping          |     4 |     5 |     4 |       ||    13
Armor: Robe              |    25 |    31 |    53 |       ||   109
       Skin              |       |       |    16 |       ||    16
Dodge: Dodged            |    53 |    59 |   129 |       ||   241
